 Dungeon Crawl Stone Soup version 0.18.1-6-gd335043 (webtiles) character file.

2545 mistymad the Fighter (level 9, 0/121 HPs)
             Began as a Minotaur Berserker on May 15, 2016.
             Was an Elder of Trog.
             Killed by vampiric draining
             ... invoked by a vampire
              (5 damage)
             ... on level 7 of the Dungeon.
             The game lasted 00:33:21 (7267 turns).

mistymad the Fighter (Minotaur Berserker)           Turns: 7267, Time: 00:33:21

Health: 0/121      AC:  7    Str: 31    XL:     9   Next: 30%
Magic:  8/8        EV: 11    Int:  4    God:    Trog [****..]
Gold:   276        SH: 12    Dex:  9    Spells: 0 memorised, 8 levels left

rFire  . . .     SeeInvis .     d - +2 hand axe (chop)
rCold  + . .     Gourm    .     L - +2 leather armour {rC+}
rNeg   . . .     Faith    .     m - +0 shield
rPois  .         Spirit   .     (helmet restricted)
rElec  .         Dismiss  .     M - +0 cloak
rCorr  .         Reflect  .     (no gloves)
SustAt .         Harm     .     (no boots)
MR     ++...                    (no amulet)
Stlth  ..........               (no ring)
                                (no ring)

@: berserking, regenerating, very quick, very resistant to hostile enchantments,
extremely unstealthy
A: retaliatory headbutt, horns 2
a: Berserk, Trog's Hand, Brothers in Arms, Burn Spellbooks, Renounce Religion


You were on level 7 of the Dungeon.
You worshipped Trog.
Trog was greatly pleased with you.
You were hungry.

You visited 2 branches of the dungeon, and saw 8 of its levels.

You collected 276 gold pieces.

Inventory:

Hand Weapons
 d - a +2 hand axe of chopping (weapon)
Armour
 m - a +0 shield (worn)
 L - a +2 leather armour of cold resistance (worn)
 M - a +0 cloak (worn)
Jewellery
 a - an uncursed ring of flight {unknown}
 s - a +5 ring of protection {unknown}
 u - an uncursed ring of protection from magic {unknown}
 w - the ring of Zoaxzole {rPois rF+ Str+9 Dex-3 SInv Stlth+, unknown}
   (You found it on level 4 of the Dungeon)

   [ring of protection from fire]

   It affects your strength (+9).
   It affects your dexterity (-3).
   It protects you from fire.
   It protects you from poison.
   It lets you see invisible.
   It makes you more stealthy.
Wands
 q - a wand of polymorph (12/24)
 E - a wand of flame (14/48)
 F - a wand of flame (14/48)
Scrolls
 b - 2 scrolls of random uselessness {unknown}
 e - 2 scrolls of enchant armour {unknown}
 g - 4 scrolls of immolation {unknown}
 h - 2 scrolls of enchant weapon {unknown}
 j - 7 scrolls of identify {unknown}
 p - a scroll of remove curse
 r - a scroll of noise {unknown}
 t - 3 scrolls of magic mapping {unknown}
 y - 2 scrolls of blinking {unknown}
 A - a scroll of amnesia {unknown}
 B - a scroll of acquirement {unknown}
 G - a scroll of fear {unknown}
Potions
 i - 2 potions of mutation {unknown}
 n - 2 potions of brilliance {unknown}
 o - 5 potions of heal wounds
 x - a potion of magic {unknown}
 z - a potion of invisibility {unknown}
 C - a potion of flight {unknown}
 D - a potion of beneficial mutation {unknown}
 I - a potion of haste {unknown}
 J - 3 potions of curing {unknown}
 K - a potion of berserk rage {unknown}
Books
 v - a book of Annihilations

   Spells                             Type                      Level
   a - Poison Arrow                   Conjuration/Poison           6
   b - Chain Lightning                Conjuration/Air              8
   c - Lehudib's Crystal Spear        Conjuration/Earth            8
   d - Glaciate                       Conjuration/Ice              9
   e - Fire Storm                     Conjuration/Fire             9
   Trog disapproves of the use of such an item.
Comestibles
 c - 4 bread rations
 f - a royal jelly
 k - 22 fruits
 l - 3 chunks of flesh
 H - 2 meat rations


   Skills:
 + Level 8.1 Fighting
 + Level 7.9 Axes
 + Level 6.9 Armour
 - Level 4.3 Dodging
 - Level 1.0 Stealth
 * Level 7.8 Shields


You had 8 spell levels left.
You didn't know any spells.

Dungeon Overview and Level Annotations

Branches:
Dungeon (7/15)             Temple (1/1) D:4

Altars:
Ashenzari
Cheibriados
Dithmenos
Elyvilon
Fedhas
Gozag
Kikubaaqudgha
Makhleb
Nemelex Xobeh
Okawaru
Pakellas
Qazlal
Sif Muna
Trog
Zin
The Shining One

Shops:
D:5 [


Innate Abilities, Weirdness & Mutations

You reflexively headbutt those who attack you in melee.
You have a pair of horns on your head.


Message History

Your skin crawls.
You feel resistant to hostile enchantments.
You feel slightly more hungry. Something hits you!
* * * LOW HITPOINT WARNING * * *
Something bites you!
* * * LOW HITPOINT WARNING * * *
A red film seems to cover your vision as you go berserk!
You feel yourself moving faster!
You feel mighty!
You are feeling hungry.
Something hits you but does no damage. You block something's attack.
You hit something. You headbutt something.
Unholy energy fills the air.
* * * LOW HITPOINT WARNING * * *
You hit something. Your headbutt misses something.
Something hits you but does no damage. Something bites you!
* * * LOW HITPOINT WARNING * * *
Something draws strength from your injuries!
You slash something! Your headbutt misses something. You barely miss something.
Your headbutt misses something.
Unholy energy fills the air.
You die...

.>. ##.# ...
..... ##.##
###...# ##...
...... ####...###
#...
.....#...###.###
##.....#.....##
#...?..@......##
#...%....{...÷..#
#.###+###....÷.<#
# #.......#
#..[....#
+.......#
#......##
#.....## #.#####


There were no monsters in sight!

Vanquished Creatures
  The ghost of Yehuk the Protected, a novice GrFi of Okawaru (D:6)
  A troll (D:6)
  Prince Ribbit (D:5)
  A water moccasin (D:5)
  Duvessa (D:6)
  2 black bears (D:6)
  2 ice beasts (D:5)
  A phantom (D:6)
  A centaur (D:5)
  A scorpion (D:4)
  Dowan (D:6)
  A howler monkey (D:5)
  A crimson imp (D:7)
  A centaur zombie (D:6)
  A giant frog skeleton (D:5)
  4 orc priests
  The ghost of MirrMurr the Grasshopper, a weakling FeWr (D:3)
  3 hounds
  4 orc wizards
  Terence (D:2)
  3 iguanas
  Natasha (thrice) (D:2)
  2 worker ants
  A hound skeleton (D:4)
  A howler monkey zombie (D:5)
  10 adders
  An ooze (D:1)
  An adder skeleton (D:5)
  A worm (D:3)
  3 dart slugs
  10 giant geckos
  17 orcs
  3 giant cockroaches
  11 goblins
  7 hobgoblins
  8 jackals
  6 kobolds
  3 quokkas
  A ball python (D:1)
  6 bats
  7 giant newts
  A jackal skeleton (D:4)
  A jackal zombie (D:7)
  5 rats
142 creatures vanquished.

Vanquished Creatures (others)
  A hungry ghost (D:3)
1 creature vanquished.

Grand Total: 143 creatures vanquished

Notes
Turn   | Place    | Note
--------------------------------------------------------------
     0 | D:1      | mistymad the Minotaur Berserker began the quest for the Orb.
     0 | D:1      | Reached XP level 1. HP: 19/19 MP: 0/0
   160 | D:1      | Reached skill level 4 in Fighting
   160 | D:1      | Reached XP level 2. HP: 27/27 MP: 1/1
   546 | D:1      | Reached XP level 3. HP: 34/34 MP: 2/2
   637 | D:1      | Reached ** piety under Trog
  1303 | D:2      | Noticed Natasha
  1309 | D:2      | Killed Natasha
  1309 | D:2      | Reached XP level 4. HP: 38/41 MP: 3/3
  1413 | D:2      | Noticed Natasha
  1427 | D:2      | Killed Natasha
  1613 | D:2      | Noticed Natasha
  1617 | D:2      | Killed Natasha
  1658 | D:2      | Noticed Terence
  1666 | D:2      | Reached XP level 5. HP: 35/47 MP: 4/4
  1687 | D:2      | Killed Terence
  1687 | D:2      | Reached skill level 5 in Fighting
  1687 | D:2      | Reached skill level 5 in Axes
  2214 | D:3      | Found a shadowy altar of Dithmenos.
  2224 | D:3      | Found a blossoming altar of Fedhas.
  2517 | D:3      | Noticed MirrMurr's ghost (weakling FeWr)
  2537 | D:3      | Killed MirrMurr's ghost
  2537 | D:3      | Reached XP level 6. HP: 56/56 MP: 5/5
  2541 | D:3      | Reached skill level 1 in Stealth
  2735 | D:3      | Found an oddly glowing altar of Pakellas.
  2736 | D:3      | Noticed a hungry ghost
  2739 | D:3      | Killed a hungry ghost
  2756 | D:3      | Reached *** piety under Trog
  2835 | D:3      | HP: 3/84 [orc/war axe (2)]
  3413 | D:3      | Reached skill level 1 in Shields
  3458 | D:4      | Reached XP level 7. HP: 51/62 MP: 6/6
  3769 | D:4      | Found an opulent altar of Gozag.
  3793 | D:4      | Reached skill level 6 in Fighting
  3867 | D:4      | Found a staircase to the Ecumenical Temple.
  3880 | D:4      | Got a scintillating amber ring
  3908 | Temple   | Entered the Ecumenical Temple
  4169 | D:4      | Reached **** piety under Trog
  4317 | D:5      | Entered Level 5 of the Dungeon
  4536 | D:5      | Found Betuxal's Antique Armour Boutique.
  4619 | D:5      | Reached skill level 5 in Armour
  4855 | D:5      | Reached XP level 8. HP: 28/71 MP: 7/7
  5170 | D:5      | Reached skill level 5 in Shields
  5178 | D:5      | Noticed Prince Ribbit
  5198 | D:5      | Killed Prince Ribbit
  5198 | D:5      | Reached skill level 7 in Fighting
  5835 | D:6      | Noticed Dowan
  5836 | D:6      | Noticed Duvessa
  5852 | D:6      | Found a bloodstained altar of Trog.
  6089 | D:6      | Noticed Yehuk's ghost (novice GrFi)
  6112 | D:6      | Killed Yehuk's ghost
  6112 | D:6      | Reached XP level 9. HP: 21/80 MP: 8/8
  6598 | D:6      | Killed Dowan
  6614 | D:6      | Killed Duvessa
  6866 | D:6      | Noticed a troll
  6874 | D:6      | Killed a troll
  6874 | D:6      | Reached skill level 8 in Fighting
  7265 | D:7      | HP: 3/121 [something (11)]
  7267 | D:7      | Killed from afar by a vampire

Skill      XL: |  1  2  3  4  5  6  7  8  9 |
---------------+----------------------------+-----
Fighting       | 4 5 6 7 8 |  8.1
Axes           | 4 5 6 7 |  7.9
Dodging        | 3 4 |  4.3
Armour         | 3 4 5 6 |  6.9
Stealth        | 1 |  1.0
Shields        | 1 4 7 |  7.8

Action                   |  1- 3 |  4- 6 |  7- 9 || total
-------------------------+-------+-------+-------++-------
Melee: Hand axe          |    63 |   122 |    61 ||   246
       Headbutt          |    11 |    26 |    47 ||    84
       War axe           |       |    26 |   161 ||   187
Invok: Berserk           |       |     4 |     2 ||     6
       Trog's Hand       |       |     1 |     1 ||     2
  Use: Scroll            |     1 |       |       ||     1
 Stab: Sleeping          |     1 |       |       ||     1
  Eat: Chunk             |     1 |    10 |    12 ||    23
       Fruit             |       |     1 |       ||     1
       Pizza             |       |       |     1 ||     1
Armor: Ring mail         |    21 |       |       ||    21
       Animal skin       |     4 |       |       ||     4
       Chain mail        |       |    73 |    77 ||   150
       Leather armour    |       |       |    15 ||    15
Dodge: Dodged            |    47 |    70 |    69 ||   186
Block: Shield            |       |     8 |   119 ||   127
